 Dungeon Crawl Stone Soup version 0.28.0-45-g0d030f2227 (webtiles) character file.

Game seed: 4258290213367436920

1285 Faeu the Skirmisher (level 8, -6/105 HPs)
             Began as a Minotaur Fighter on Apr 2, 2022.
             Engulfed by a cloud of flame (14 damage)
             ... on level 6 of the Dungeon.
             The game lasted 00:19:57 (4843 turns).

Faeu the Skirmisher (Minotaur Fighter)              Turns: 4843, Time: 00:19:58

Health: -6/105     AC: 24    Str: 23    XL:     8   Next: 29%
Magic:  7/7        EV:  2    Int:  5    God:
Gold:   441        SH: 11    Dex: 10    Spells: 7/7 levels left

rFire   . . .      SeeInvis .   a - +0 war axe {axe}
rCold   . . .      Faith    .   s - +2 kite shield
rNeg    . . .      Spirit   .   (armour currently unavailable)
rPois   +          Reflect  .   (helmet currently unavailable)
rElec   .          Harm     .   (cloak currently unavailable)
rCorr   .          Rampage  .   (gloves currently unavailable)
Will    .....      NoTele   +   (boots currently unavailable)
Stlth   +.........              (no amulet)
HPRegen 0.27/turn               (no ring)
MPRegen 0.10/turn               (no ring)

@: tree-form
A: stationary, stasis, torment immunity, boosted hp, (horns 2), (retaliatory
headbutt)
a: no special abilities


You were on level 6 of the Dungeon.
You were a tree.
You visited 1 branch of the dungeon, and saw 6 of its levels.
You also visited: Ossuary.

You collected 441 gold pieces.


Innate Abilities, Weirdness & Mutations

You are a tree.
Your roots penetrate the ground, keeping you stationary.
You cannot be teleported.
You are immune to unholy pain and torment.
Your maximum health is greatly increased.
Your equipment is partially melded.
((You have a pair of horns on your head.))
((You reflexively headbutt those who attack you in melee.))


   Skills:
 + Level 6.3 Fighting
 + Level 5.3 Axes
 + Level 3.9 Throwing
 + Level 6.0 Armour
 + Level 4.1 Dodging
 + Level 6.1 Shields


You had 7 spell levels left.
You didn't know any spells.
Your spell library was empty.

Inventory:

Hand Weapons
 a - a +0 war axe (weapon) {axe}
 y - a +2 whip of venom {mace}
   (You took it off a gnoll on level 4 of the Dungeon)
 A - a +3 spear of freezing {polearm}
   (You took it off a gnoll on level 4 of the Dungeon)
Missiles
 d - a boomerang (quivered) {throwing}
 h - 6 datura-tipped darts {throwing}
 u - 4 poisoned darts {throwing}
Armour
 b - a +0 scale mail (melded)
 c - a +0 buckler
 g - a +2 leather armour of cold resistance
   (You found it on level 1 of the Dungeon)
 s - a +2 kite shield (worn)
   (You took it off a kobold on level 2 of the Dungeon)
 x - a scarf of resistance
   (You found it on level 4 of the Dungeon)
Jewellery
 w - a +4 ring of slaying
   (You found it on level 3 of the Dungeon)
Scrolls
 e - 4 scrolls of fear {unknown}
 f - 2 scrolls of identify {@r1}
 i - a scroll of noise {unknown}
 j - a scroll of fog
 k - 2 scrolls of blinking {unknown}
 m - 2 scrolls of amnesia {unknown}
 o - 2 scrolls of immolation {!r!r}
 t - a scroll of enchant weapon {unknown}
 v - a scroll of teleportation {unknown}
 G - 2 scrolls of enchant armour {unknown}
 H - a scroll of magic mapping {unknown}
 I - a scroll of silence {unknown}
 J - a scroll of vulnerability {unknown}
Potions
 l - 3 potions of lignification {!q}
 n - 2 potions of flight {unknown}
 p - 2 potions of resistance {unknown}
 q - a potion of attraction {unknown}
 z - 3 potions of brilliance {unknown}
 B - 4 potions of curing {unknown}
 C - a potion of might
 D - a potion of haste {unknown}
 E - a potion of degeneration {unknown}
 F - a potion of cancellation {unknown}

Dungeon Overview and Level Annotations

Branches:
Dungeon (6/15)            Ossuary (visited)
 Temple: D:4-7

Altars:

...
#..
#.#
#°#
#§#
#§#
#)#
#♣#
#°#
#§#
#(#
#.#
#.#
#.#
#.#


There were no monsters in sight!


Message History

😮 HP[+6] MP[+1]
You now have 70 max hp (+9).
You regained 6 hp, and now have 40/70 hp.
Your mp is fully restored (7).
You start resting.
An orc warrior comes into view. It is wielding a +0 scimitar. 😮 HP[+9]
You regained 9 hp, and now have 49/70 hp.
The orc warrior shouts!
You hear a shout! 😮 HP[+1]
An orc comes into view. It is wielding a +0 falchion.
The orc shouts!
You slash the orc warrior! You block the orc warrior's attack.
An orc priest comes into view. It is wielding a +0 mace.
You slash the orc warrior! Your headbutt misses the orc warrior.
The orc warrior hits you with a +0 scimitar. x2 😮 HP[-9]
You take 9 damage, and now have 41/70 hp.
You hit the orc warrior but do no damage.
An orc comes into view. It is wielding a +0 dagger.
The orc warrior hits you with a +0 scimitar!
* * * LOW HITPOINT WARNING * * *
😨 HP[-13]
You take 13 damage, and now have 28/70 hp.
As you read the scroll labelled GEDIUJ FOWAZ, it crumbles to dust.
It is a scroll of identify.
j - 2 scrolls of fog The orc priest calls upon Beogh to heal the orc warrior.
The orc warrior is healed somewhat.
The orc warrior hits you with a +0 scimitar.
* * * LOW HITPOINT WARNING * * *
😨 HP[-4]
You take 4 damage, and now have 24/70 hp.
As you read the scroll of fog, it crumbles to dust.
The scroll dissolves into smoke.
The orc warrior completely misses you. 😨 HP[+1]
Things that are here:
a +2 whip of flaming {mace}; a +2 robe of fire resistance 😨 HP[+1]
The orc priest calls down the wrath of Beogh upon you.
Beogh smites you!
* * * LOW HITPOINT WARNING * * *
😱 HP[-14]
You take 14 damage, and now have 12/70 hp. 😱 HP[+1]
There is an escape hatch in the floor here.
You block the orc warrior's attack.
You slide downwards.
The hatch slams shut behind you.
The two-headed ogre shouts in stereo!
The orc shouts!
As you read the scroll labelled VAUTTA JYFIAF, it crumbles to dust.
The creatures around you are filled with an inner flame!
It was a scroll of immolation.
You block the orc warrior's attack. You block the orc's attack. 😱 HP[+1]
You remove your +4 ring of slaying.
You aren't wearing any rings or amulets.
You don't know any spells.
You don't know any spells.
It was a potion of lignification.
You turn into a tree.
Your +0 scale mail melds into your body.
Your roots penetrate the ground.
The orc warrior hits you but does no damage.
You block the orc's attack. 😱 HP[+7]
You now have 105 max hp (+35).
You regained 7 hp, and now have 21/105 hp.
As you read the scroll labelled METAORPH VAREPP, it crumbles to dust.
Wisps of shadow whirl around you...
It was a scroll of summoning.
You block the orc warrior's attack. The orc hits you but does no damage.
You slash the orc! You hit the orc warrior.
Flame seeps out of the orc warrior.
The orc explodes!
The fiery explosion engulfs the orc!!
The fiery explosion engulfs you but does no damage.
The orc explodes!
The fiery explosion engulfs the orc!!
The orc explodes!
The fiery explosion engulfs the two-headed ogre!!!
Flame seeps out of the two-headed ogre.
You are engulfed in blazing flames.
* * * LOW HITPOINT WARNING * * *
The orc warrior is engulfed in blazing flames.
The orc warrior explodes!
The fiery explosion engulfs you!
* * * LOW HITPOINT WARNING * * *
The fiery explosion engulfs your iguana!!
You kill your iguana!
Your iguana's corpse dissolves into shadows!
The two-headed ogre is engulfed in blazing flames.
Flame seeps out of the two-headed ogre.
Your Armour skill increases to level 6! 😱 HP[-13]
You take 13 damage, and now have 8/105 hp.
You are too injured to fight recklessly!
Throw: boomerang {throwing}
Press: ? - help, Q - select action, (/) - cycle Shift-Dir - straight line, f - two-headed ogre
Aim: a two-headed ogre, wielding a +0 giant spiked club and a +0 dire flail (flame, almost dead, inner flame, 75% to hit)
You throw a boomerang {throwing}.
The boomerang {throwing} hits the two-headed ogre!
The two-headed ogre explodes!
You are engulfed in blazing flames.
You die...

Skill      XL: |  1  2  3  4  5  6  7  8 |
---------------+-------------------------+-----
Fighting       | 4 5 6 |  6.3
Armour         | 4 5 6 |  6.0
Dodging        | 1 2 4 |  4.1
Shields        | 4 5 6 |  6.1
Throwing       | 1 2 3 |  3.9
Axes           | 3 4 5 |  5.3

Action                   |  1- 3 |  4- 6 |  7- 9 || total
-------------------------+-------+-------+-------++-------
Melee: War axe           |   121 |   109 |    42 ||   272
       Headbutt          |    14 |    15 |    12 ||    41
Throw: Boomerang         |       |    23 |     8 ||    31
       Dart              |       |     1 |       ||     1
  Use: Potion            |       |     1 |     1 ||     2
       Scroll            |       |       |     4 ||     4
Armor: Scale mail        |    69 |    37 |     7 ||   113
       Skin              |       |       |     3 ||     3
Dodge: Dodged            |    58 |    38 |     8 ||   104
Block: Buckler           |    25 |     6 |       ||    31
       Kite shield       |       |    43 |    19 ||    62

Levels and vault maps discovered:
D:1:      onia_arrival_mini_maze_b, layout_loops_ring,
          chequers_ecumenical_altar_twisty, minmay_hexomino_f4
D:2:      minmay_chambers_of_twos, layout_loops_ring,
          nicolae_concentric_dashed_squares_mild
D:3:      layout_loops_ring, uniq_natasha
D:4:      layout_basic, enter_ossuary_5, minmay_misc_feat_iff
D:5:      layout_loops_ring, uniq_sigmund, uniq_pikel, uniq_menkaure
D:6:      minmay_chambers_of_threes, layout_loops_ring, corexii_checkpoint_a,
          nrook_campfire

Notes
Turn   | Place    | Note
-------+----------+-------------------------------------------
     0 | D:1      | Faeu the Minotaur Fighter began the quest for the Orb.
     0 | D:1      | Reached XP level 1. HP: 19/19 MP: 0/0
     0 | D:1      | magus.rc [v1.9.6]
    14 | D:1      | magus.rc [v1.9.6]
   350 | D:1      | Found a faded altar of an unknown god.
   520 | D:1      | Reached XP level 2. HP: 25/27 MP: 1/1
  1178 | D:2      | Reached skill level 4 in Fighting
  1178 | D:2      | Reached skill level 4 in Armour
  1178 | D:2      | Reached skill level 1 in Dodging
  1178 | D:2      | Reached XP level 3. HP: 21/33 MP: 2/2
  1563 | D:2      | Reached skill level 4 in Shields
  1657 | D:2      | Reached skill level 1 in Throwing
  1691 | D:2      | Reached skill level 3 in Axes
  1802 | D:2      | Reached XP level 4. HP: 37/40 MP: 3/3
  2363 | D:3      | Reached XP level 5. HP: 44/47 MP: 4/4
  2404 | D:3      | Reached skill level 2 in Dodging
  2625 | D:3      | Reached skill level 2 in Throwing
  2626 | D:3      | Reached XP level 6. HP: 27/55 MP: 5/5
  3039 | D:3      | Noticed Natasha
  3043 | D:3      | Killed Natasha
  3181 | D:3      | Reached skill level 5 in Fighting
  3279 | D:3      | Noticed Natasha
  3287 | D:3      | Killed Natasha
  3513 | D:4      | Reached skill level 4 in Axes
  3513 | D:4      | Reached skill level 5 in Shields
  3519 | D:4      | Reached skill level 5 in Armour
  3532 | D:4      | Found a sand-covered staircase.
  3643 | D:4      | HP: 13/56 [gnoll/+3 spear of freezing (2)]
  3882 | Ossuary  | Entered an ossuary
  3930 | Ossuary  | Reached XP level 7. HP: 61/61 MP: 6/6
  3932 | Ossuary  | Reached skill level 3 in Dodging
  4343 | D:4      | Reached skill level 3 in Throwing
  4591 | D:5      | Entered Level 5 of the Dungeon
  4762 | D:5      | Noticed Pikel
  4769 | D:5      | Killed Pikel
  4770 | D:5      | Reached skill level 6 in Fighting
  4770 | D:5      | Reached skill level 5 in Axes
  4770 | D:5      | Reached skill level 4 in Dodging
  4770 | D:5      | Reached skill level 6 in Shields
  4770 | D:5      | Reached XP level 8. HP: 40/70 MP: 7/7
  4831 | D:5      | HP: 12/70 [orc priest/divine providence (14)]
  4837 | D:6      | Noticed a two-headed ogre
  4842 | D:6      | HP: 18/105 [cloud of flame (3)]
  4842 | D:6      | HP: 8/105 [spore (11)]
  4843 | D:6      | Reached skill level 6 in Armour
  4843 | D:6      | Killed a two-headed ogre
  4843 | D:6      | Engulfed by a cloud of flame

Vanquished Creatures
  A two-headed ogre (D:6)
  Pikel (D:5)
  An orc warrior (D:6)
  A phantom (D:4)
  A wyvern zombie (D:4)
  3 orc priests (D:3)
  A hound (D:5)
  3 iguanas
  A centaur skeleton (D:3)
  Natasha (twice) (D:3)
  2 orc wizards
  8 mummies (Ossuary)
  5 adders
  3 gnolls (D:4)
  An adder skeleton (D:4)
  3 worms (D:2)
  3 dart slugs
  14 orcs
  7 endoplasms
  3 giant cockroaches
  2 gnoll zombies (Ossuary)
  8 hobgoblins
  A jackal (D:1)
  10 kobolds
  2 quokkas
  10 ball pythons
  12 bats
  A frilled lizard (D:2)
  A hobgoblin zombie (Ossuary)
  3 kobold zombies (Ossuary)
  2 orc zombies (Ossuary)
  7 rats
123 creatures vanquished.

Table legend:
 A = Non-vault XP
 B = Vault XP
 C = Vault XP percentage of total XP
 D = Non-vault monster count
 E = Vault monster count
 F = Vault count percentage of total count
                 A         B        C        D         E       F
            +---------+---------+-------+---------+---------+-------
      Total |    1833 |     827 |  31.1 |      94 |      29 |  23.6
            +---------+---------+-------+---------+---------+-------
        D:1 |      28 |       4 |  12.5 |      21 |       3 |  12.5
        D:2 |     140 |      17 |  10.8 |      27 |       8 |  22.9
        D:3 |     290 |      35 |  10.8 |      24 |       1 |   4.0
        D:4 |     331 |       0 |   0.0 |      15 |       0 |   0.0
        D:5 |      78 |     617 |  88.8 |       2 |       1 |  33.3
        D:6 |     966 |       0 |   0.0 |       5 |       0 |   0.0
    Ossuary |       0 |     154 | 100.0 |       0 |      16 | 100.0
            +---------+---------+-------+---------+---------+-------

Illustrated notes

Table legend:
 A = Kills in this place as a percentage of kills in entire the game.
 B = Kills by you in this place as a percentage of kills by you in the entire game.
 C = Kills by friends in this place as a percentage of kills by friends in the entire game.
 D = Other kills in this place as a percentage of other kills in the entire game.
 E = Experience gained in this place as a percentage of experience gained in the entire game.
 F = Experience gained in this place divided by the number of levels of this place that you have seen.
                   A       B       C       D       E      F
               +-------+-------+-------+-------+-------+----------------------
         Total | 100.0 | 100.0 |   N/A |   N/A | 100.0 | 380.0
       Dungeon |  87.0 |  87.0 |   N/A |   N/A |  94.2 | 417.7
       Ossuary |  13.0 |  13.0 |   N/A |   N/A |   5.8 | 154.0
               +-------+-------+-------+-------+-------+----------------------

Table legend: (Time is in decaauts)
 A = Elapsed time spent in this place.
 B = Non-inter-level travel time spent in this place.
 C = Inter-level travel time spent in this place.
 D = Time resting spent in this place.
 E = Time spent auto-exploring this place.
 F = Levels seen in this place.
 G = Mean time per level.
                   A        B        C        D        E       F      G
               +--------+--------+--------+--------+--------+-----+--------+
         Total |   4975 |   4801 |    174 |   1270 |   1402 |   7 |  710.7 |
       Dungeon |   4678 |   4504 |    174 |   1270 |   1264 |   6 |  779.7 |
       Ossuary |    296 |    296 |      0 |      0 |    138 |   1 |  296.0 |
               +--------+--------+--------+--------+--------+-----+--------+

Top non-repeatable levels by time:
     D:2: 1241 daAuts
     D:1: 1170 daAuts
     D:3: 1075 daAuts
     D:4: 987 daAuts
 Ossuary: 296 daAuts
     D:5: 198 daAuts
     D:6: 5 daAuts
